Barons vs Stars

Created - Monday, November 03, 2014 at 22:18

Goals
1 2 3 T
Barons 4 3 2 9
Stars 0 1 0 1
Shots
1 2 3 T
Barons 5 5 7 17
Stars 12 11 15 38

1st period

1. Barons , Devin Setoguchi 11 (Steve Bernier) at 2:24 (PP)
2. Barons , Chris Porter 1 (Mike Rupp) at 16:30 (SH)
3. Barons , Chuck Kobasew 8 (Ryan Spooner) at 17:52
4. Barons , Steve Bernier 5 (Devin Setoguchi, Ryan Stanton) at 19:30

Penalties :
Alexandre Grenier (TEX) for Fighting (Major) at 2:00, Shawn Thornton (OKC) for Fighting (Major) at 2:00, Alexandre Grenier (TEX) for instigated a fight (Minor) at 2:00, Alexandre Grenier (TEX) for instigated a fight (10 Minutes Misconduct) at 2:00, Ryan Parent (OKC) for Slashing (Minor) at 4:20, Marc Cantin (OKC) for Roughing (Minor) at 15:04

2nd period

5. Barons , John Negrin 1 (Shawn Thornton, Chuck Kobasew) at 9:44
6. Barons , Devin Setoguchi 12 (Steve Bernier) at 11:24
7. Stars , Cameron Gaunce 1 (Wacey Hamilton) at 13:57 (PP)
8. Barons , Ryan Spooner 7 (Shawn Thornton, Chuck Kobasew) at 18:01

Penalties :
Brad Winchester (OKC) for Hooking (Minor) at 1:11, Alexandre Grenier (TEX) for Hooking (Minor) at 7:06, Chuck Kobasew (OKC) for Holding (Minor) at 12:42

3rd period

9. Barons , Torrey Mitchell 6 (Devin Setoguchi, Steve Bernier) at 6:47
10. Barons , Andy Miele 5 (Teemu Pulkkinen) at 12:58

Penalties :
Carlo Colaiacovo (TEX) for Roughing (Minor) at 7:39

Goalie Stats

Ray Emery (OKC), 37 saves from 38 shots - (0.974), W, 12-1-0, 60:00 minutes
Farm Player78 (TEX), 5 saves from 10 shots - (0.500), L, 0-3-0, 32:43 minutes
Farm Player79 (TEX), 3 saves from 7 shots - (0.429), 27:17 minutes

Players Stats for Barons

Player Name              G  A  P  +/- PIM S  H  SB GA TA FO     MP     PP MP  PK MP  
------------------------------------------------------------------------------------
Andy Miele               1  0  1   1  0   1  0  1  1  0  12/15  17:42   2:20   0:00 
Brad Winchester          0  0  0   1  2   2  2  0  0  2  0/1    20:12   2:20   0:00 
Brett Connolly           0  0  0   0  0   0  0  0  0  0  0/0     0:00   0:00   0:00 
Chris Porter             1  0  1   1  0   2  1  0  0  0  2/2     5:19   0:00   0:37 
Chuck Kobasew            1  2  3   3  2   1  0  1  4  0  0/0    15:15   0:00   0:00 
David Kolomatis          0  0  0   3  0   0  0  2  0  2  0/0    27:00   2:24   2:40 
Devin Setoguchi          2  2  4   3  0   4  2  0  1  0  1/7    23:03   2:02   4:17 
John Negrin              1  0  1   5  0   1  2  1  0  3  0/0    20:44   2:24   2:55 
Marc Cantin              0  0  0   0  2   0  1  1  0  0  0/0     6:52   0:00   0:00 
Mike Rupp                0  1  1   1  0   0  0  0  0  0  0/0     4:02   0:00   0:41 
Ryan Parent              0  0  0   0  2   0  0  1  0  0  0/0     2:48   0:00   0:00 
Ryan Spooner             1  1  2   3  0   2  0  0  0  0  5/9    16:02   0:00   0:46 
Ryan Stanton             0  1  1   3  0   0  2  5  0  0  0/0    32:02   2:22   4:17 
Shawn Thornton           0  2  2   3  5   0  2  0  0  1  0/0    14:08   0:00   0:00 
Steve Bernier            1  3  4   3  0   1  0  0  2  0  1/1    16:20   2:02   2:01 
Teemu Pulkkinen          0  1  1   1  0   1  1  2  3  2  0/0    20:25   2:20   2:01 
Tommy Cross              0  0  0   5  0   1  0  2  0  2  0/0    28:01   1:34   4:32 
Torrey Mitchell          1  0  1   3  0   1  1  1  0  3  3/14   22:43   2:02   4:01 

Players Stats for Stars

Player Name              G  A  P  +/- PIM S  H  SB GA TA FO     MP     PP MP  PK MP  
------------------------------------------------------------------------------------
Alexandre Grenier        0  0  0  -4  19  6  1  0  2  0  1/1    11:41   0:00   0:00 
Austin Madaisky          0  0  0  -2  0   0  0  0  0  0  0/0    13:34   0:00   0:00 
Cameron Gaunce           1  0  1  -5  0   5  1  0  1  1  0/0    21:00   3:42   1:56 
Carlo Colaiacovo         0  0  0  -1  2   6  3  1  3  0  0/0    24:34   3:30   1:35 
Carter Bancks            0  0  0  -4  0   3  1  0  3  1  1/3    16:25   0:00   1:14 
Jamie Oleksiak           0  0  0  -1  0   2  1  2  0  1  0/0    25:36   3:30   2:28 
Joonas Rask              0  0  0   0  0   0  0  0  0  0  0/0     0:00   0:00   0:00 
Justin Shugg             0  0  0  -3  0   4  1  0  2  0  0/0    16:44   3:18   0:49 
Matt Lowry               0  0  0  -3  0   2  2  0  1  0  4/11   14:32   0:00   0:00 
Matt Watkins             0  0  0  -2  0   1  0  0  2  0  1/1    18:31   3:54   0:00 
Michael Davies           0  0  0  -2  0   3  1  0  6  1  0/0    19:17   3:54   0:22 
Micheal Haley            0  0  0   0  0   0  1  0  2  0  0/0     6:39   0:00   0:00 
Patrik Nemeth            0  0  0  -5  0   2  0  1  0  1  0/0    20:49   3:42   1:54 
Spencer Machacek         0  0  0  -2  0   0  3  0  0  0  2/7    23:12   3:18   3:01 
Steven Delisle           0  0  0  -2  0   0  0  2  1  1  0/0    14:25   0:00   0:51 
Vinny Saponari           0  0  0   0  0   1  1  0  0  0  0/0     9:20   0:40   0:00 
Wacey Hamilton           0  1  1  -2  0   1  7  0  2  0  7/16   20:13   3:14   0:00 
Zac Dalpe                0  0  0  -2  0   2  0  0  3  0  9/10   18:58   3:18   3:18 

3 Stars

1 - Devin Setoguchi (OKC)
2 - Steve Bernier (OKC)
3 - John Negrin (OKC)

Power Play

Barons - 1 on 3 Attempt(s) - 33.33%
Stars - 1 on 4 Attempt(s) - 25.00%

Penalty Kill

Barons - 3 on 4 Attempt(s) - 75.00% - Score 1 goal in Penalty Kill
Stars - 2 on 3 Attempt(s) - 66.67% - Score 0 goal in Penalty Kill

Official

Referees : Unknown
Linesman : Unknown

Game Notes

Shawn Thornton beats up Alexandre Grenier at 2:00 of 1st period
Ryan Parent is injured at 6:49 of 1st period (Strained Right Knee)
Farm Player79 enters game at 19:30 of 1st period
Farm Player78 enters game at 6:47 of 3rd period

Finance

Level 1 -- Attendance: 1393 (69.65%) -- Ticket Income $48,755
Level 2 -- Attendance: 784 (78.40%) -- Ticket Income $11,760
Total Attendance: 2177 (72.57%)
Total Ticket Income: $60,515
Other Income: $29,652
Total Income: $90,167

Barons

5 vs 5 Forward 
   Center                   Left Wing                Right Wing               Time % Phy DF OF 
 1 Torrey Mitchell          Steve Bernier            Devin Setoguchi          35     1   2  2  
 2 Andy Miele               Teemu Pulkkinen          Brad Winchester          30     1   2  2  
 3 Ryan Spooner             Chuck Kobasew            Shawn Thornton           22     1   2  2  
 4 Chris Porter             Torrey Mitchell          Devin Setoguchi          13     1   2  2  

5 vs 5 Defense 
   Defense                  Defense                                           Time % Phy DF OF 
 1 Ryan Parent              Tommy Cross                                       35     1   2  2  
 2 Ryan Stanton             David Kolomatis                                   30     1   2  2  
 3 Tommy Cross              Ryan Parent                                       22     1   2  2  
 4 Ryan Stanton             David Kolomatis                                   13     1   2  2  

PowerPlay Forward 
   Center                   Left Wing                Right Wing               Time % Phy DF OF 
 1 Torrey Mitchell          Steve Bernier            Devin Setoguchi          60     1   2  2  
 2 Andy Miele               Teemu Pulkkinen          Brad Winchester          40     1   2  2  

PowerPlay Defense
   Defense                  Defense                                           Time % Phy DF OF 
 1 Ryan Parent              Tommy Cross                                       60     1   2  2  
 2 Ryan Stanton             David Kolomatis                                   40     1   2  2  

Penalty Kill 4 Players Forward 
   Center                   Wing                     Time % Phy DF OF 
 1 Devin Setoguchi          Torrey Mitchell          60     1   2  2  
 2 Steve Bernier            Teemu Pulkkinen          40     1   2  2  

Penalty Kill 4 Players Defense
   Defense                  Defense                  Time % Phy DF OF 
 1 Tommy Cross              Ryan Parent              60     1   2  2  
 2 Ryan Stanton             David Kolomatis          40     1   2  2  

Penalty Kill - 3 Players Forward 
   Forward                                           Time % Phy DF OF 
 1 Devin Setoguchi                                   60     1   2  2  
 2 Torrey Mitchell                                   40     1   2  2  

Penalty Kill - 3 Players Defense
   Defense                  Defense                  Time % Phy DF OF 
 1 Tommy Cross              Ryan Parent              60     1   2  2  
 2 Ryan Stanton             David Kolomatis          40     1   2  2  

4 vs 4 Forward 
   Center                   Wing                     Time % Phy DF OF 
 1 Devin Setoguchi          Torrey Mitchell          60     1   2  2  
 2 Steve Bernier            Teemu Pulkkinen          40     1   2  2  

4 vs 4 Defense
   Defense                  Defense                  Time % Phy DF OF 
 1 Ryan Parent              Tommy Cross              60     1   2  2  
 2 Ryan Stanton             David Kolomatis          40     1   2  2  

Last Minutes Offensive
   Center                   Left Wing                Right Wing               Defense                  Defense                  
   Torrey Mitchell          Steve Bernier            Devin Setoguchi          Ryan Stanton             David Kolomatis          

Last Minutes Defensive
   Center                   Left Wing                Right Wing               Defense                  Defense                  
   Torrey Mitchell          Steve Bernier            Devin Setoguchi          Ryan Stanton             David Kolomatis          

Goaltenders
Starting : Ray Emery                
Backup : Josh Robinson            

Extra Forwards
Normal : Chuck Kobasew, Shawn Thornton, Ryan Spooner - PP : Chuck Kobasew, Shawn Thornton - PK : Ryan Spooner
Extra Defensemen
Normal : Tommy Cross, Ryan Parent, Ryan Stanton - PP : Tommy Cross - PK : Ryan Parent, Ryan Stanton
Penalty Shots
Devin Setoguchi, Torrey Mitchell, Steve Bernier, Teemu Pulkkinen, Brad Winchester

Stars

5 vs 5 Forward 
   Center                   Left Wing                Right Wing               Time % Phy DF OF 
 1 Zac Dalpe                Justin Shugg             Spencer Machacek         35     1   2  2  
 2 Wacey Hamilton           Matt Watkins             Michael Davies           30     1   2  2  
 3 Matt Lowry               Carter Bancks            Alexandre Grenier        22     1   2  2  
 4 Spencer Machacek         Micheal Haley            Vinny Saponari           13     1   2  2  

5 vs 5 Defense 
   Defense                  Defense                                           Time % Phy DF OF 
 1 Carlo Colaiacovo         Jamie Oleksiak                                    35     1   2  2  
 2 Cameron Gaunce           Patrik Nemeth                                     30     1   2  2  
 3 Austin Madaisky          Steven Delisle                                    22     1   2  2  
 4 Carlo Colaiacovo         Jamie Oleksiak                                    13     1   2  2  

PowerPlay Forward 
   Center                   Left Wing                Right Wing               Time % Phy DF OF 
 1 Zac Dalpe                Justin Shugg             Spencer Machacek         60     1   2  2  
 2 Wacey Hamilton           Matt Watkins             Michael Davies           40     1   2  2  

PowerPlay Defense
   Defense                  Defense                                           Time % Phy DF OF 
 1 Carlo Colaiacovo         Jamie Oleksiak                                    60     1   2  2  
 2 Cameron Gaunce           Patrik Nemeth                                     40     1   2  2  

Penalty Kill 4 Players Forward 
   Center                   Wing                     Time % Phy DF OF 
 1 Spencer Machacek         Zac Dalpe                60     1   2  2  
 2 Justin Shugg             Michael Davies           40     1   2  2  

Penalty Kill 4 Players Defense
   Defense                  Defense                  Time % Phy DF OF 
 1 Carlo Colaiacovo         Jamie Oleksiak           60     1   2  2  
 2 Cameron Gaunce           Patrik Nemeth            40     1   2  2  

Penalty Kill - 3 Players Forward 
   Forward                                           Time % Phy DF OF 
 1 Spencer Machacek                                  60     1   2  2  
 2 Zac Dalpe                                         40     1   2  2  

Penalty Kill - 3 Players Defense
   Defense                  Defense                  Time % Phy DF OF 
 1 Carlo Colaiacovo         Jamie Oleksiak           60     1   2  2  
 2 Cameron Gaunce           Patrik Nemeth            40     1   2  2  

4 vs 4 Forward 
   Center                   Wing                     Time % Phy DF OF 
 1 Spencer Machacek         Zac Dalpe                60     1   2  2  
 2 Justin Shugg             Michael Davies           40     1   2  2  

4 vs 4 Defense
   Defense                  Defense                  Time % Phy DF OF 
 1 Carlo Colaiacovo         Jamie Oleksiak           60     1   2  2  
 2 Cameron Gaunce           Patrik Nemeth            40     1   2  2  

Last Minutes Offensive
   Center                   Left Wing                Right Wing               Defense                  Defense                  
   Zac Dalpe                Justin Shugg             Spencer Machacek         Carlo Colaiacovo         Jamie Oleksiak           

Last Minutes Defensive
   Center                   Left Wing                Right Wing               Defense                  Defense                  
   Zac Dalpe                Justin Shugg             Spencer Machacek         Carlo Colaiacovo         Jamie Oleksiak           

Goaltenders
Starting : Farm Player78            
Backup : Farm Player79            

Extra Forwards
Normal : Alexandre Grenier, Vinny Saponari, Carter Bancks - PP : Alexandre Grenier, Vinny Saponari - PK : Carter Bancks
Extra Defensemen
Normal : Austin Madaisky, Steven Delisle, Cameron Gaunce - PP : Austin Madaisky - PK : Steven Delisle, Cameron Gaunce
Penalty Shots
Spencer Machacek, Zac Dalpe, Justin Shugg, Michael Davies, Alexandre Grenier

% Time on Ice - Barons

Lines # - Real PCT - Wanted PCT - Time Play
Normal Forward
1 - 26% - 35% - 12:45
2 - 33% - 30% - 16:04
3 - 32% - 22% - 15:16
4 - 9% - 13% - 4:21
Normal Defense
1 - 47% - 35% - 22:34
2 - 19% - 30% - 9:19
3 - 30% - 22% - 14:45
4 - 4% - 13% - 1:48
PP Forward
1 - 47% - 60% - 2:02
2 - 53% - 40% - 2:20
PP Defense
1 - 91% - 60% - 3:58
2 - 9% - 40% - 0:24
PK Forward
1 - 72% - 60% - 5:11
2 - 28% - 40% - 2:01
PK Defense
1 - 72% - 60% - 5:13
2 - 28% - 40% - 1:59
PK3 Forward
1 - 0% - 60%
2 - 0% - 40%
PK3 Defense
1 - 0% - 60%
2 - 0% - 40%
44 Forward
1 - 0% - 60%
2 - 0% - 40%
44 Defense
1 - 0% - 60%
2 - 0% - 40%
Last Minute Offensive  - 0:00
Last Minute Defensive  - 0:00
Total
Forward - 60:00
Defense - 60:00

% Time on Ice - Stars

Lines # - Real PCT - Wanted PCT - Time Play
Normal Forward
1 - 26% - 35% - 12:36
2 - 30% - 30% - 14:38
3 - 30% - 22% - 14:33
4 - 14% - 13% - 6:39
Normal Defense
1 - 34% - 35% - 16:42
2 - 31% - 30% - 15:13
3 - 28% - 22% - 13:35
4 - 6% - 13% - 2:56
PP Forward
1 - 46% - 60% - 3:18
2 - 54% - 40% - 3:54
PP Defense
1 - 49% - 60% - 3:30
2 - 51% - 40% - 3:42
PK Forward
1 - 92% - 60% - 4:00
2 - 8% - 40% - 0:22
PK Defense
1 - 56% - 60% - 2:28
2 - 44% - 40% - 1:54
PK3 Forward
1 - 0% - 60%
2 - 0% - 40%
PK3 Defense
1 - 0% - 60%
2 - 0% - 40%
44 Forward
1 - 0% - 60%
2 - 0% - 40%
44 Defense
1 - 0% - 60%
2 - 0% - 40%
Last Minute Offensive  - 0:00
Last Minute Defensive  - 0:00
Total
Forward - 60:00
Defense - 60:00

Play by Play

1st period


0:01 of 1st period - Zac Dalpe wins face-off versus Torrey Mitchell in neutral zone.
0:54 of 1st period - Wacey Hamilton is hit by Teemu Pulkkinen and loses puck.
1:15 of 1st period - Wrist shot by Michael Davies.
1:15 of 1st period - Stopped by Ray Emery with a rebound.
2:00 of 1st period - Shawn Thornton beats up Alexandre Grenier.
2:00 of 1st period - Penalty to Alexandre Grenier for Fighting.
2:00 of 1st period - Penalty to Shawn Thornton for Fighting.
2:00 of 1st period - Penalty to Alexandre Grenier for instigated a fight.
2:00 of 1st period - Penalty to Alexandre Grenier for instigated a fight.
2:01 of 1st period - Zac Dalpe wins face-off versus Torrey Mitchell in Stars zone.
2:22 of 1st period - Slapshot by Devin Setoguchi.
2:22 of 1st period - Stopped by Farm Player78 with a rebound.
2:24 of 1st period - Snap shot by Devin Setoguchi.
2:24 of 1st period - Goal by Devin Setoguchi - Barons : 1 - Stars : 0.
2:25 of 1st period - Chris Porter wins face-off versus Spencer Machacek in neutral zone.
3:43 of 1st period - Tommy Cross is hit by Wacey Hamilton and loses puck.
3:58 of 1st period - Snap shot by Justin Shugg.
3:58 of 1st period - Shot Hit the Post.
4:02 of 1st period - Slapshot by Carlo Colaiacovo.
4:02 of 1st period - Stopped by Ray Emery with a rebound.
4:04 of 1st period - Slapshot by Carlo Colaiacovo.
4:04 of 1st period - Stopped by Ray Emery with a rebound.
4:08 of 1st period - Wrist shot by Zac Dalpe.
4:08 of 1st period - Stopped by Ray Emery with a rebound.
4:10 of 1st period - Slapshot by Jamie Oleksiak.
4:10 of 1st period - Shot Misses the Net.
4:12 of 1st period - Wrist shot by Justin Shugg.
4:12 of 1st period - Shot Misses the Net.
4:14 of 1st period - Snap shot by Jamie Oleksiak.
4:14 of 1st period - Shot Misses the Net.
4:20 of 1st period - Minor Penalty to Ryan Parent for Slashing.
4:21 of 1st period - Wacey Hamilton wins face-off versus Devin Setoguchi in Barons zone.
4:30 of 1st period - Slapshot by Carlo Colaiacovo.
4:30 of 1st period - Deflect By Michael Davies.
4:30 of 1st period - Deflect By Torrey Mitchell.
4:30 of 1st period - Shot Blocked by Torrey Mitchell.
4:30 of 1st period - Puck is out of play.
4:31 of 1st period - Wacey Hamilton wins face-off versus Devin Setoguchi in Barons zone.
5:02 of 1st period - Snap shot by Matt Watkins.
5:02 of 1st period - Stopped by Ray Emery with a rebound.
5:24 of 1st period - Teemu Pulkkinen is hit by Justin Shugg and loses puck.
6:20 of 1st period - Penalty to Ryan Parent is over, Ryan Parent is back on ice.
6:45 of 1st period - Slapshot by Carter Bancks.
6:45 of 1st period - Shot Misses the Net.
6:47 of 1st period - Snap shot by Vinny Saponari.
6:47 of 1st period - Stopped by Ray Emery with a rebound.
6:49 of 1st period - Wrist shot by Vinny Saponari.
6:49 of 1st period - Shot Blocked by Ryan Parent.
6:49 of 1st period - Ryan Parent from Barons is injured at 6:49 of 1st period (Strained Right Knee).
6:50 of 1st period - Torrey Mitchell wins face-off versus Wacey Hamilton in Barons zone.
6:50 of 1st period - Torrey Mitchell is hit by Wacey Hamilton.
7:08 of 1st period - Matt Watkins is hit by Ryan Stanton and loses puck.
7:15 of 1st period - Devin Setoguchi is hit by Jamie Oleksiak and loses puck.
7:26 of 1st period - Steve Bernier is hit by Michael Davies and loses puck.
8:09 of 1st period - Ryan Stanton is hit by Spencer Machacek and loses puck.
8:27 of 1st period - Snap shot by Cameron Gaunce.
8:27 of 1st period - Stopped by Ray Emery with a rebound.
8:49 of 1st period - Snap shot by Vinny Saponari.
8:49 of 1st period - Shot Hit the Post.
8:51 of 1st period - Snap shot by Matt Lowry.
8:51 of 1st period - Shot Blocked by Teemu Pulkkinen.
9:01 of 1st period - Wrist shot by Michael Davies.
9:01 of 1st period - Shot Misses the Net.
9:03 of 1st period - Slapshot by Wacey Hamilton.
9:03 of 1st period - Shot Misses the Net.
9:05 of 1st period - Wrist shot by Michael Davies.
9:05 of 1st period - Shot Blocked by Ryan Stanton.
10:02 of 1st period - Ryan Spooner is hit by Matt Lowry and loses puck.
10:17 of 1st period - Wrist shot by Justin Shugg.
10:17 of 1st period - Stopped by Ray Emery with a rebound.
11:20 of 1st period - Jamie Oleksiak is hit by John Negrin and loses puck.
11:37 of 1st period - Jamie Oleksiak is hit by Marc Cantin.
12:15 of 1st period - Vinny Saponari is hit by Ryan Stanton and loses puck.
12:30 of 1st period - Ryan Spooner is hit by Spencer Machacek and loses puck.
12:50 of 1st period - Slapshot by Wacey Hamilton.
12:50 of 1st period - Deflect By Matt Lowry.
12:50 of 1st period - Stopped by Ray Emery with a rebound.
12:52 of 1st period - Slapshot by Patrik Nemeth.
12:52 of 1st period - Stopped by Ray Emery with a rebound.
12:54 of 1st period - Snap shot by Patrik Nemeth.
12:54 of 1st period - Stopped by Ray Emery without a rebound.
12:55 of 1st period - Matt Lowry wins face-off versus Andy Miele in Barons zone.
13:06 of 1st period - Wrist shot by Zac Dalpe.
13:06 of 1st period - Shot Misses the Net.
14:07 of 1st period - Snap shot by Steve Bernier.
14:07 of 1st period - Shot Blocked by Carlo Colaiacovo.
15:04 of 1st period - Minor Penalty to Marc Cantin for Roughing.
15:05 of 1st period - Matt Watkins wins face-off versus Devin Setoguchi in Barons zone.
16:30 of 1st period - Snap shot by Chris Porter.
16:30 of 1st period - Goal by Chris Porter - Barons : 2 - Stars : 0.
16:31 of 1st period - Wacey Hamilton wins face-off versus Devin Setoguchi in neutral zone.
17:00 of 1st period - 10 Minutes Misconduct Penalty to Alexandre Grenier is over.
17:04 of 1st period - Penalty to Marc Cantin is over, Marc Cantin is back on ice.
17:52 of 1st period - Wrist shot by Chuck Kobasew.
17:52 of 1st period - Goal by Chuck Kobasew - Barons : 3 - Stars : 0.
17:53 of 1st period - Ryan Spooner wins face-off versus Wacey Hamilton in neutral zone.
18:42 of 1st period - Slapshot by Carlo Colaiacovo.
18:42 of 1st period - Deflect By Ryan Stanton.
18:42 of 1st period - Stopped by Ray Emery without a rebound.
18:43 of 1st period - Andy Miele wins face-off versus Matt Lowry in Barons zone.
18:43 of 1st period - Andy Miele is hit by Carter Bancks.
18:55 of 1st period - Wrist shot by Andy Miele.
18:55 of 1st period - Shot Blocked by Jamie Oleksiak.
19:09 of 1st period - Backhand shot by Carlo Colaiacovo.
19:09 of 1st period - Shot Blocked by John Negrin.
19:15 of 1st period - Snap shot by Carlo Colaiacovo.
19:15 of 1st period - Deflect By Carter Bancks.
19:15 of 1st period - Shot Blocked by Tommy Cross.
19:15 of 1st period - Puck is out of play.
19:16 of 1st period - Torrey Mitchell wins face-off versus Wacey Hamilton in Barons zone.
19:28 of 1st period - Snap shot by Devin Setoguchi.
19:28 of 1st period - Shot Misses the Net.
19:30 of 1st period - Wrist shot by Steve Bernier.
19:30 of 1st period - Goal by Steve Bernier - Barons : 4 - Stars : 0.
19:30 of 1st period - Farm Player79 enters game.
19:31 of 1st period - Zac Dalpe wins face-off versus Torrey Mitchell in neutral zone.
Goals for this period are 4 for Barons vs 0 for Stars.
Shots for this period are 5 for Barons vs 12 for Stars.

2nd period


0:01 of 2nd period - Zac Dalpe wins face-off versus Torrey Mitchell in neutral zone.
0:10 of 2nd period - Wrist shot by Steve Bernier.
0:10 of 2nd period - Shot Misses the Net.
1:11 of 2nd period - Minor Penalty to Brad Winchester for Hooking.
1:12 of 2nd period - Zac Dalpe wins face-off versus Devin Setoguchi in Barons zone.
1:12 of 2nd period - Snap shot by Justin Shugg.
1:12 of 2nd period - Shot Blocked by Ryan Stanton.
1:28 of 2nd period - Wrist shot by Zac Dalpe.
1:28 of 2nd period - Shot Blocked by Ryan Stanton.
2:48 of 2nd period - Wrist shot by Wacey Hamilton.
2:48 of 2nd period - Shot Misses the Net.
3:11 of 2nd period - Penalty to Brad Winchester is over, Brad Winchester is back on ice.
3:20 of 2nd period - Icing by Tommy Cross.
3:21 of 2nd period - Devin Setoguchi wins face-off versus Matt Lowry in Barons zone.
3:46 of 2nd period - Snap shot by Alexandre Grenier.
3:46 of 2nd period - Stopped by Ray Emery with a rebound.
3:50 of 2nd period - Wrist shot by Matt Lowry.
3:50 of 2nd period - Stopped by Ray Emery without a rebound.
3:51 of 2nd period - Ryan Spooner wins face-off versus Spencer Machacek in Barons zone.
4:22 of 2nd period - Slapshot by Chuck Kobasew.
4:22 of 2nd period - Shot Blocked by Patrik Nemeth.
4:44 of 2nd period - Michael Davies is hit by Brad Winchester and loses puck.
5:52 of 2nd period - Steve Bernier is hit by Alexandre Grenier and loses puck.
6:16 of 2nd period - Wrist shot by Zac Dalpe.
6:16 of 2nd period - Deflect By Justin Shugg.
6:16 of 2nd period - Stopped by Ray Emery with a rebound.
6:38 of 2nd period - Snap shot by Teemu Pulkkinen.
6:38 of 2nd period - Deflect By Brad Winchester.
6:38 of 2nd period - Stopped by Farm Player79 with a rebound.
6:40 of 2nd period - Slapshot by Tommy Cross.
6:40 of 2nd period - Shot Blocked by Steven Delisle.
6:42 of 2nd period - Snap shot by Tommy Cross.
6:42 of 2nd period - Stopped by Farm Player79 with a rebound.
6:44 of 2nd period - Snap shot by Marc Cantin.
6:44 of 2nd period - Deflect By Andy Miele.
6:44 of 2nd period - Shot Misses the Net.
6:44 of 2nd period - Puck is out of play.
6:45 of 2nd period - Matt Lowry wins face-off versus Brad Winchester in Stars zone.
7:06 of 2nd period - Minor Penalty to Alexandre Grenier for Hooking.
7:07 of 2nd period - Andy Miele wins face-off versus Spencer Machacek in Stars zone.
7:49 of 2nd period - Icing by Ryan Stanton.
7:50 of 2nd period - Carter Bancks wins face-off versus Torrey Mitchell in Barons zone.
7:53 of 2nd period - Slapshot by Cameron Gaunce.
7:53 of 2nd period - Stopped by Ray Emery without a rebound.
7:54 of 2nd period - Andy Miele wins face-off versus Carter Bancks in Barons zone.
7:54 of 2nd period - Andy Miele is hit by Cameron Gaunce.
8:08 of 2nd period - Wrist shot by Teemu Pulkkinen.
8:08 of 2nd period - Shot Misses the Net.
8:59 of 2nd period - Icing by Teemu Pulkkinen.
9:00 of 2nd period - Andy Miele wins face-off versus Carter Bancks in Barons zone.
9:06 of 2nd period - Penalty to Alexandre Grenier is over, Alexandre Grenier is back on ice.
9:29 of 2nd period - Justin Shugg is hit by Shawn Thornton and loses puck.
9:38 of 2nd period - Slapshot by Ryan Spooner.
9:38 of 2nd period - Shot Misses the Net.
9:40 of 2nd period - Snap shot by Chuck Kobasew.
9:40 of 2nd period - Shot Misses the Net.
9:42 of 2nd period - Snap shot by Shawn Thornton.
9:42 of 2nd period - Shot Misses the Net.
9:44 of 2nd period - Slapshot by John Negrin.
9:44 of 2nd period - Goal by John Negrin - Barons : 5 - Stars : 0.
9:45 of 2nd period - Ryan Spooner wins face-off versus Wacey Hamilton in neutral zone.
9:56 of 2nd period - Off-side.
9:57 of 2nd period - Wacey Hamilton wins face-off versus Ryan Spooner in neutral zone.
10:06 of 2nd period - Wrist shot by Michael Davies.
10:06 of 2nd period - Stopped by Ray Emery with a rebound.
10:11 of 2nd period - Slapshot by Jamie Oleksiak.
10:11 of 2nd period - Stopped by Ray Emery with a rebound.
10:13 of 2nd period - Snap shot by Jamie Oleksiak.
10:13 of 2nd period - Shot Misses the Net.
11:13 of 2nd period - John Negrin is hit by Micheal Haley and loses puck.
11:22 of 2nd period - Wrist shot by Andy Miele.
11:22 of 2nd period - Deflect By Jamie Oleksiak.
11:22 of 2nd period - Shot Misses the Net.
11:22 of 2nd period - Puck is out of play.
11:23 of 2nd period - Steve Bernier wins face-off versus Matt Lowry in Stars zone.
11:24 of 2nd period - Snap shot by Devin Setoguchi.
11:24 of 2nd period - Goal by Devin Setoguchi - Barons : 6 - Stars : 0.
11:25 of 2nd period - Ryan Spooner wins face-off versus Wacey Hamilton in neutral zone.
11:36 of 2nd period - Snap shot by Cameron Gaunce.
11:36 of 2nd period - Shot Misses the Net.
11:38 of 2nd period - Snap shot by Michael Davies.
11:38 of 2nd period - Shot Blocked by Chuck Kobasew.
11:52 of 2nd period - Slapshot by Wacey Hamilton.
11:52 of 2nd period - Shot Misses the Net.
12:12 of 2nd period - Slapshot by Zac Dalpe.
12:12 of 2nd period - Shot Misses the Net.
12:42 of 2nd period - Minor Penalty to Chuck Kobasew for Holding.
12:43 of 2nd period - Torrey Mitchell wins face-off versus Wacey Hamilton in Barons zone.
13:36 of 2nd period - Torrey Mitchell is hit by Carlo Colaiacovo and loses puck.
13:57 of 2nd period - Slapshot by Cameron Gaunce.
13:57 of 2nd period - Goal by Cameron Gaunce - Barons : 6 - Stars : 1.
13:58 of 2nd period - Andy Miele wins face-off versus Matt Lowry in neutral zone.
14:16 of 2nd period - Wrist shot by Alexandre Grenier.
14:16 of 2nd period - Stopped by Ray Emery without a rebound.
14:17 of 2nd period - Andy Miele wins face-off versus Matt Lowry in Barons zone.
14:38 of 2nd period - Snap shot by Alexandre Grenier.
14:38 of 2nd period - Shot Blocked by Teemu Pulkkinen.
14:56 of 2nd period - Icing by Spencer Machacek.
14:57 of 2nd period - Zac Dalpe wins face-off versus Ryan Spooner in Stars zone.
15:33 of 2nd period - Justin Shugg is hit by Shawn Thornton and loses puck.
15:48 of 2nd period - Torrey Mitchell is hit by Wacey Hamilton and loses puck.
16:19 of 2nd period - Wrist shot by Wacey Hamilton.
16:19 of 2nd period - Stopped by Ray Emery without a rebound.
16:20 of 2nd period - Andy Miele wins face-off versus Matt Lowry in Barons zone.
16:25 of 2nd period - Carter Bancks is hit by John Negrin and loses puck.
16:50 of 2nd period - Slapshot by Carter Bancks.
16:50 of 2nd period - Deflect By Alexandre Grenier.
16:50 of 2nd period - Stopped by Ray Emery without a rebound.
16:51 of 2nd period - Chris Porter wins face-off versus Spencer Machacek in Barons zone.
16:51 of 2nd period - Chris Porter is hit by Spencer Machacek.
17:51 of 2nd period - Icing by Ryan Spooner.
17:52 of 2nd period - Ryan Spooner wins face-off versus Matt Lowry in Barons zone.
18:01 of 2nd period - Snap shot by Ryan Spooner.
18:01 of 2nd period - Goal by Ryan Spooner - Barons : 7 - Stars : 1.
18:02 of 2nd period - Wacey Hamilton wins face-off versus Andy Miele in neutral zone.
19:18 of 2nd period - Ryan Spooner is hit by Carlo Colaiacovo and loses puck.
19:23 of 2nd period - Slapshot by Zac Dalpe.
19:23 of 2nd period - Stopped by Ray Emery without a rebound.
19:24 of 2nd period - Matt Lowry wins face-off versus Devin Setoguchi in Barons zone.
19:33 of 2nd period - Snap shot by Carter Bancks.
19:33 of 2nd period - Shot Misses the Net.
19:35 of 2nd period - Snap shot by Austin Madaisky.
19:35 of 2nd period - Deflect By Alexandre Grenier.
19:35 of 2nd period - Shot Misses the Net.
19:35 of 2nd period - Puck is out of play.
19:36 of 2nd period - Matt Lowry wins face-off versus Torrey Mitchell in Barons zone.
Goals for this period are 3 for Barons vs 1 for Stars.
Shots for this period are 5 for Barons vs 11 for Stars.

3rd period


0:01 of 3rd period - Zac Dalpe wins face-off versus Torrey Mitchell in neutral zone.
0:06 of 3rd period - Slapshot by Carlo Colaiacovo.
0:06 of 3rd period - Stopped by Ray Emery without a rebound.
0:07 of 3rd period - Zac Dalpe wins face-off versus Torrey Mitchell in Barons zone.
0:26 of 3rd period - Slapshot by Zac Dalpe.
0:26 of 3rd period - Deflect By Torrey Mitchell.
0:26 of 3rd period - Shot Blocked by David Kolomatis.
0:26 of 3rd period - Puck is out of play.
0:27 of 3rd period - Wacey Hamilton wins face-off versus Andy Miele in Barons zone.
1:00 of 3rd period - Slapshot by Teemu Pulkkinen.
1:00 of 3rd period - Stopped by Farm Player79 with a rebound.
1:20 of 3rd period - Zac Dalpe is hit by Devin Setoguchi and loses puck.
1:27 of 3rd period - Snap shot by Justin Shugg.
1:27 of 3rd period - Stopped by Ray Emery with a rebound.
1:29 of 3rd period - Slapshot by Jamie Oleksiak.
1:29 of 3rd period - Shot Misses the Net.
1:31 of 3rd period - Backhand shot by Spencer Machacek.
1:31 of 3rd period - Shot Misses the Net.
1:33 of 3rd period - Slapshot by Jamie Oleksiak.
1:33 of 3rd period - Stopped by Ray Emery with a rebound.
1:35 of 3rd period - Backhand shot by Carlo Colaiacovo.
1:35 of 3rd period - Shot Misses the Net.
1:37 of 3rd period - Slapshot by Jamie Oleksiak.
1:37 of 3rd period - Shot Misses the Net.
1:51 of 3rd period - Snap shot by Justin Shugg.
1:51 of 3rd period - Stopped by Ray Emery with a rebound.
2:13 of 3rd period - Ryan Stanton is hit by Carlo Colaiacovo and loses puck.
2:28 of 3rd period - Snap shot by Carter Bancks.
2:28 of 3rd period - Stopped by Ray Emery without a rebound.
2:29 of 3rd period - Spencer Machacek wins face-off versus Ryan Spooner in Barons zone.
3:59 of 3rd period - Snap shot by Alexandre Grenier.
3:59 of 3rd period - Stopped by Ray Emery without a rebound.
4:00 of 3rd period - Andy Miele wins face-off versus Zac Dalpe in Barons zone.
4:15 of 3rd period - Slapshot by Teemu Pulkkinen.
4:15 of 3rd period - Shot Misses the Net.
4:31 of 3rd period - Jamie Oleksiak is hit by Torrey Mitchell and loses puck.
4:47 of 3rd period - Jamie Oleksiak is hit by Chris Porter and loses puck.
5:17 of 3rd period - Snap shot by Alexandre Grenier.
5:17 of 3rd period - Stopped by Ray Emery without a rebound.
5:18 of 3rd period - Andy Miele wins face-off versus Wacey Hamilton in Barons zone.
5:30 of 3rd period - Snap shot by Michael Davies.
5:30 of 3rd period - Stopped by Ray Emery without a rebound.
5:31 of 3rd period - Andy Miele wins face-off versus Wacey Hamilton in Barons zone.
6:03 of 3rd period - Slapshot by Cameron Gaunce.
6:03 of 3rd period - Stopped by Ray Emery with a rebound.
6:29 of 3rd period - Wrist shot by Carter Bancks.
6:29 of 3rd period - Stopped by Ray Emery with a rebound.
6:35 of 3rd period - Slapshot by Carlo Colaiacovo.
6:35 of 3rd period - Stopped by Ray Emery without a rebound.
6:36 of 3rd period - Zac Dalpe wins face-off versus Torrey Mitchell in Barons zone.
6:45 of 3rd period - Snap shot by Devin Setoguchi.
6:45 of 3rd period - Shot Blocked by Jamie Oleksiak.
6:47 of 3rd period - Wrist shot by Torrey Mitchell.
6:47 of 3rd period - Goal by Torrey Mitchell - Barons : 8 - Stars : 1.
6:47 of 3rd period - Farm Player78 enters game.
6:48 of 3rd period - Wacey Hamilton wins face-off versus Torrey Mitchell in neutral zone.
7:01 of 3rd period - Ryan Stanton is hit by Wacey Hamilton and loses puck.
7:39 of 3rd period - Minor Penalty to Carlo Colaiacovo for Roughing.
7:40 of 3rd period - Andy Miele wins face-off versus Spencer Machacek in Stars zone.
7:51 of 3rd period - Snap shot by Teemu Pulkkinen.
7:51 of 3rd period - Shot Misses the Net.
9:27 of 3rd period - Michael Davies is hit by Brad Winchester.
9:39 of 3rd period - Penalty to Carlo Colaiacovo is over, Carlo Colaiacovo is back on ice.
9:46 of 3rd period - Andy Miele is hit by Wacey Hamilton and loses puck.
9:53 of 3rd period - Wrist shot by Michael Davies.
9:53 of 3rd period - Shot Blocked by Andy Miele.
10:05 of 3rd period - Andy Miele is hit by Wacey Hamilton.
10:23 of 3rd period - Slapshot by Carlo Colaiacovo.
10:23 of 3rd period - Stopped by Ray Emery with a rebound.
10:25 of 3rd period - Slapshot by Carter Bancks.
10:25 of 3rd period - Stopped by Ray Emery without a rebound.
10:26 of 3rd period - Alexandre Grenier wins face-off versus Ryan Spooner in Barons zone.
10:51 of 3rd period - Backhand shot by Carlo Colaiacovo.
10:51 of 3rd period - Shot Blocked by Ryan Stanton.
10:53 of 3rd period - Slapshot by Cameron Gaunce.
10:53 of 3rd period - Stopped by Ray Emery with a rebound.
11:29 of 3rd period - Wrist shot by Chris Porter.
11:29 of 3rd period - Stopped by Farm Player78 with a rebound.
11:31 of 3rd period - Wrist shot by Torrey Mitchell.
11:31 of 3rd period - Shot Misses the Net.
11:57 of 3rd period - Snap shot by Vinny Saponari.
11:57 of 3rd period - Shot Misses the Net.
11:59 of 3rd period - Snap shot by Austin Madaisky.
11:59 of 3rd period - Deflect By Spencer Machacek.
11:59 of 3rd period - Shot Misses the Net.
11:59 of 3rd period - Puck is out of play.
12:00 of 3rd period - Spencer Machacek wins face-off versus Torrey Mitchell in Barons zone.
12:43 of 3rd period - Wrist shot by Ryan Spooner.
12:43 of 3rd period - Shot Misses the Net.
12:48 of 3rd period - Snap shot by Chuck Kobasew.
12:48 of 3rd period - Shot Hit the Post.
12:58 of 3rd period - Wrist shot by Andy Miele.
12:58 of 3rd period - Goal by Andy Miele - Barons : 9 - Stars : 1.
12:59 of 3rd period - Andy Miele wins face-off versus Wacey Hamilton in neutral zone.
13:18 of 3rd period - Wrist shot by Carlo Colaiacovo.
13:18 of 3rd period - Shot Blocked by Ryan Stanton.
13:28 of 3rd period - Wrist shot by Michael Davies.
13:28 of 3rd period - Shot Blocked by Tommy Cross.
13:30 of 3rd period - Snap shot by Jamie Oleksiak.
13:30 of 3rd period - Shot Misses the Net.
13:54 of 3rd period - Wrist shot by Ryan Spooner.
13:54 of 3rd period - Stopped by Farm Player78 with a rebound.
14:29 of 3rd period - Cameron Gaunce is hit by Devin Setoguchi and loses puck.
14:36 of 3rd period - Wrist shot by Alexandre Grenier.
14:36 of 3rd period - Stopped by Ray Emery with a rebound.
14:38 of 3rd period - Snap shot by Carter Bancks.
14:38 of 3rd period - Shot Hit the Post.
14:58 of 3rd period - Shawn Thornton is hit by Vinny Saponari and loses puck.
15:25 of 3rd period - Andy Miele is hit by Wacey Hamilton and loses puck.
15:50 of 3rd period - Snap shot by Devin Setoguchi.
15:50 of 3rd period - Stopped by Farm Player78 with a rebound.
15:52 of 3rd period - Slapshot by Brad Winchester.
15:52 of 3rd period - Stopped by Farm Player78 with a rebound.
15:54 of 3rd period - Slapshot by Brad Winchester.
15:54 of 3rd period - Shot Blocked by Steven Delisle.
16:00 of 3rd period - Slapshot by Devin Setoguchi.
16:00 of 3rd period - Shot Misses the Net.
16:34 of 3rd period - Snap shot by Alexandre Grenier.
16:34 of 3rd period - Shot Blocked by David Kolomatis.
16:36 of 3rd period - Slapshot by Jamie Oleksiak.
16:36 of 3rd period - Shot Blocked by Marc Cantin.
17:58 of 3rd period - Wrist shot by Zac Dalpe.
17:58 of 3rd period - Shot Misses the Net.
18:00 of 3rd period - Slapshot by Zac Dalpe.
18:00 of 3rd period - Shot Misses the Net.
18:22 of 3rd period - Andy Miele is hit by Matt Lowry and loses puck.
Goals for this period are 2 for Barons vs 0 for Stars.
Shots for this period are 7 for Barons vs 15 for Stars.


Output by the SimonT Hockey Simulator (STHS) for Eric Dolegowski -- Original Page W3C XHTML 1.0 Valid
Hockey Simulator - Hockey Simulation - Hockey Manager